cohdb
Replays
Latest Replays
All Replays
Popular Replays
Top Player Replays
Match Explorer
How It Works
Community
CoH3 Stats
Reddit
Sign in to upload your games and track your stats! →
Sign in with Steam
Match 40129713
Unlisted
Match 40129713
Overview
Messages
Build Orders
End
Engineer Squad
Selects Airborne Battlegroup
Selects Pathfinders
Pathfinder Squad
Construct Weapon Support Center
Bazooka Squad
M1919 Machine Gun Team
Bazooka Squad
Infantry Support Center
Selects Paratrooper Squad Paradrop
Paratrooper Squad Paradrop
Construct Motor Pool
Construct Motor Pool
Advanced Logistics
AI Takeover
ßoo
Čaroděj Dobroděj
0
0
Comments
sign in to comment!
No comments posted yet!